Map: Crimson Research Lab LE

Players

SoftKitty - Winner!

  • Race: Zerg Zerg
  • Spawn Location: 11:00

David - Winner!

  • Race: Terran Terran
  • Spawn Location: 11:00

kadekadeeene

  • Race: Terran Terran
  • League: Bronze
  • Spawn Location: 5:00

kennygg

  • Race: Zerg Zerg
  • Spawn Location: 5:00

VOD

Have the link to the VOD?

Description

Time

  • Played on: April 10, 2025, 6:58 p.m.
  • Length: 16:01
Show
View Real Time Build Order
Export as new Build Order

SoftKitty Zerg - Winner!

Build Orders: Hatch First, Lurkers 

Get SALT Encoding   

  12  0:00  Drone  
  13  0:13  Overlord  
  13  0:18  Drone  
  14  0:31  Drone x2  
  16  0:49  Hatchery  
  15  0:50  Drone  
  15  0:55  Drone  
  17  1:05  Extractor  
  16  1:11  Spawning Pool  
  16  1:14  Drone  
  16  1:17  Drone  
  17  1:23  Drone  
  18  1:28  Drone  
  19  1:39  Drone  
  20  1:42  Evolution Chamber  
  19  1:50  Drone  
  20  1:57  Queen  
  20  2:01  Queen  
  22  2:04  Drone  
  25  2:12  Zerg Melee Weapons Level 1  
  25  2:15  Drone  
  26  2:18  Drone  
  26  2:21  Drone  
  28  2:38  Hatchery  
  28  2:42  Overlord  
  27  2:47  Metabolic Boost  
  27  2:51  Drone  
  28  3:01  Drone x4  
  28  3:04  Drone  
  33  3:08  Drone  
  33  3:10  Drone  
  33  3:11  Drone  
  36  3:15  Overlord  
  36  3:21  Overlord  
  36  3:26  Overlord  
  36  3:34  Drone  
  36  3:35  Zergling x2  
  36  3:36  Zergling x6  
  36  3:38  Zergling x2  
  36  3:39  Zergling x2  
  36  3:40  Zergling x2  
  44  3:43  Zergling x2  
  44  3:44  Zergling x2  
  46  3:50  Queen  
  46  3:53  Zergling x2  
  49  4:00  Drone  
  49  4:02  Drone  
  51  4:03  Drone  
  51  4:05  Drone  
  51  4:06  Zerg Ground Armor Level 1  
  51  4:07  Drone  
  54  4:14  Drone x4  
  58  4:19  Drone x2  
  58  4:20  Drone  
  58  4:23  Drone  
  58  4:24  Drone x2  
  63  4:35  Drone x2  
  63  4:36  Overlord x2  
  65  4:40  Extractor  
  63  4:58  Extractor  
  62  5:01  Drone x3  
  62  5:02  Drone x2, Extractor  
  62  5:03  Drone  
  63  5:17  Drone x3  
  66  5:23  Lair  
  66  5:25  Drone  
  66  5:27  Evolution Chamber  
  66  5:31  Drone x2  
  68  5:36  Drone x3, Extractor  
  68  5:37  Drone x3, Extractor  
  71  5:52  Overlord x3  
  71  5:54  Zerg Missile Weapons Level 1  
  71  6:12  Drone  
  71  6:13  Drone x2  
  71  6:14  Zergling x8  
  71  6:15  Zergling x8  
  71  6:17  Queen  
  71  6:18  Queen  
  86  6:24  Hydralisk Den, Zerg Ground Armor Level 2  
  85  6:45  Extractor  
  84  6:48  Hatchery  
  84  6:51  Extractor  
  82  6:55  Lurker Den  
  80  7:22  Drone x3  
  83  7:23  Drone x3  
  83  7:24  Drone x11  
  97  7:33  Muscular Augments  
  97  7:34  Infestation Pit  
  96  7:42  Queen  
  98  7:51  Zerg Missile Weapons Level 2  
  98  7:53  Overlord x6  
  98  7:55  Drone  
  99  8:11  Drone  
  99  8:12  Hatchery, Drone x2  
  101  8:13  Drone x11  
  101  8:19  Hive  
  112  8:37  Grooved Spines  
  112  8:39  Evolution Chamber  
  112  8:40  Zerg Melee Weapons Level 2  
  111  8:49  Drone x2  
  111  8:50  Drone x3  
  111  8:51  Drone x3, Extractor  
  111  8:52  Extractor  
  113  9:09  Hydralisk x4  
  109  9:10  Hydralisk x6  
  109  9:11  Hydralisk  
  109  9:12  Hydralisk x2  
  133  9:39  Lurker x3  
  133  9:40  Lurker x3  
  133  9:43  Zerg Ground Armor Level 3  
  133  9:44  Adaptive Talons  
  139  10:12  Spine Crawler  
  139  10:13  Spine Crawler  
  137  10:19  Drone x2  
  137  10:20  Drone  
  140  10:22  Queen  
  142  10:38  Zerg Missile Weapons Level 3  
  142  10:41  Viper, Seismic Spines, Spire x2  
  142  10:42  Viper x3, Extractor  
  151  10:43  Hatchery  
  151  10:45  Extractor  
  151  10:48  Unknown  
  149  11:02  Drone x4  
  149  11:03  Drone x2  
  155  11:06  Zerg Melee Weapons Level 3  
  155  11:07  Adrenal Glands  
  155  11:11  Neural Parasite  
  155  11:13  Ultralisk Cavern, Burrow, Pneumatized Carapace  
  154  11:54  Overlord x9  
  154  11:57  Zerg Flyer Weapons Level 1, Zerg Flyer Armor Level 1  
  154  11:59  Spire  
  154  12:00  Chitinous Plating  
  153  12:25  Overlord x3  
  153  12:52  Hatchery  
  153  12:54  Extractor  
  153  12:56  Extractor  
  150  13:07  Lurker x7  
  157  13:14  Greater Spire  
  157  13:18  Anabolic Synthesis  
  156  13:59  Drone  
  147  14:15  Drone  
  144  14:17  Infestor x2  
  144  14:18  Infestor x2  
  144  14:19  Hydralisk  
  144  14:20  Hydralisk x21  
  144  14:21  Hydralisk x2  
  200  14:37  Hatchery  
  199  14:58  Extractor  
  199  14:59  Extractor  
  197  15:20  Queen  
Show
View Real Time Build Order
Export as new Build Order

David Terran - Winner!

Build Orders:  

Get SALT Encoding   

  12  0:01  SCV  
  13  0:13  SCV  
  14  0:18  Supply Depot  
  14  0:37  Refinery  
  14  0:42  Barracks  
  14  0:44  SCV  
  15  0:56  SCV  
  16  1:09  SCV  
  17  1:30  Barracks Reactor  
  17  1:32  Orbital Command  
  17  1:38  Supply Depot  
  17  1:52  Command Center  
  17  2:04  SCV  
  18  2:16  SCV  
  18  2:18  Marine x2  
  21  2:28  SCV  
  22  2:37  Engineering Bay  
  22  2:40  SCV  
  23  3:02  SCV  
  25  3:05  SCV  
  25  3:14  SCV  
  25  3:17  SCV  
  27  3:24  Barracks  
  27  3:26  SCV  
  28  3:29  SCV  
  28  3:34  Barracks  
  29  3:38  SCV  
  30  3:42  SCV  
  31  3:50  SCV  
  31  3:54  SCV  
  33  3:58  Terran Infantry Weapons Level 1  
  33  4:02  Marine x2  
  35  4:11  Barracks Tech Lab  
  35  4:19  Marine  
  35  4:20  Marine  
  35  4:21  Refinery  
  35  4:23  Barracks Tech Lab  
  37  4:28  Supply Depot  
  37  4:30  Marine  
  38  4:36  SCV  
  38  4:37  Marine  
  38  4:38  Marine  
  41  4:48  SCV, Marine  
  41  4:50  Supply Depot, SCV  
  44  4:53  Refinery  
  44  4:55  Marine  
  44  4:56  Marine  
  44  4:58  Marine  
  47  5:00  SCV  
  47  5:02  SCV  
  47  5:06  Marine  
  50  5:13  SCV, Marine x2  
  53  5:16  Marine  
  53  5:17  SCV  
  53  5:19  Refinery  
  55  5:25  SCV  
  56  5:30  SCV  
  56  5:34  Combat Shield, Marine  
  58  5:35  Stimpack  
  58  5:37  SCV  
  58  5:40  Factory  
  58  5:42  SCV  
  60  5:50  SCV  
  60  5:51  Marine  
  60  5:54  Supply Depot  
  62  6:15  Marine  
  62  6:16  SCV x2  
  62  6:18  Supply Depot  
  65  6:25  Factory Tech Lab  
  65  6:28  SCV, Starport  
  66  6:44  Barracks  
  66  6:47  Siege Tank  
  62  7:06  Barracks  
  60  7:16  Medivac  
  60  7:19  Siege Tank  
  60  7:21  Orbital Command  
  58  7:33  Terran Infantry Armor Level 1  
  58  7:38  Barracks Reactor  
  58  7:42  Armory  
  58  7:46  Medivac  
  60  7:51  Siege Tank  
  60  7:54  Barracks Reactor  
  62  8:00  Supply Depot  
  61  8:16  Medivac  
  63  8:23  Siege Tank  
  63  8:24  Supply Depot  
  66  8:32  Terran Vehicle Weapons Level 1  
  66  8:34  Marine  
  66  8:35  Marine x7  
  74  8:46  Supply Depot, Medivac  
  76  8:52  Marine  
  76  8:53  Marine x7  
  84  8:56  Siege Tank  
  87  9:10  Marine x3  
  87  9:11  Marine x5  
  87  9:16  Viking  
  97  9:26  Terran Infantry Weapons Level 2  
  97  9:28  Marine x5  
  102  9:45  Supply Depot  
  102  9:46  Supply Depot  
  102  10:06  Marine x6, Viking  
  102  10:07  Supply Depot, Thor, Marine x2  
  110  10:09  Supply Depot  
  118  10:26  Terran Vehicle And Ship Armor Level 1  
  118  10:28  Marine x8  
  126  10:29  Supply Depot  
  126  10:36  Viking  
  128  10:44  Supply Depot  
  128  10:46  Marine x6  
  134  10:50  Marine, Thor  
  134  10:51  Marine  
  134  10:52  Supply Depot  
  142  11:05  Marine x4  
  142  11:06  Supply Depot, Viking  
  148  11:14  Supply Depot  
  148  11:27  Marine  
  148  11:28  Marine x7  
  148  11:29  Supply Depot  
  156  11:33  Thor  
  156  11:36  Viking  
  156  11:38  Supply Depot  
  164  11:45  Marine  
  164  11:46  Marine x7  
  172  11:49  Terran Infantry Weapons Level 3  
  172  12:03  Supply Depot, Marine  
  172  12:06  Viking  
  175  12:13  Supply Depot  
  175  12:16  Thor  
  181  12:24  Marine  
  181  12:25  Marine x7  
  181  12:26  Supply Depot  
  189  12:36  Viking  
  191  12:42  Marine x2  
  191  12:43  Marine x2  
  195  12:59  Marine x4  
  195  13:00  Marine  
  200  13:09  Terran Vehicle Weapons Level 2  
  84  15:10  Marine  
  84  15:11  Marine x7  
  89  15:28  Marine  
  89  15:29  Marine x7  
Show
View Real Time Build Order
Export as new Build Order

kadekadeeene Terran 

Build Orders:  

Get SALT Encoding   

  12  0:00  SCV  
  13  0:13  SCV  
  14  0:25  Supply Depot  
  14  0:28  SCV  
  15  0:46  SCV  
  16  0:52  Refinery  
  16  0:59  SCV  
  17  1:07  Barracks  
  17  1:18  SCV  
  18  1:31  SCV  
  19  1:43  SCV  
  20  1:48  Engineering Bay  
  20  1:56  Barracks  
  20  2:01  Marine  
  20  2:05  Orbital Command  
  21  2:18  Factory  
  21  2:19  Marine  
  22  2:30  SCV  
  22  2:34  Refinery  
  23  2:45  Barracks Tech Lab, Supply Depot  
  23  2:53  Barracks Tech Lab  
  23  3:16  Command Center  
  23  3:20  Marine  
  23  3:23  Stimpack  
  23  3:24  Combat Shield  
  24  3:27  Factory Tech Lab  
  24  3:37  Missile Turret  
  24  3:45  Marine  
  24  3:46  Marine  
  26  4:02  Barracks  
  26  4:04  Siege Tank  
  29  4:11  Barracks  
  29  4:13  Terran Infantry Weapons Level 1  
  29  4:16  SCV  
  30  4:20  Marine  
  31  4:27  Marine  
  25  4:56  Factory Tech Lab  
  24  5:14  Barracks Tech Lab  
  24  5:15  Marine, Barracks  
  24  5:16  Marine  
  21  5:50  Marine  
  21  5:51  Marine  
  21  5:52  Marine  
  21  5:54  Marine  
  25  6:03  Supply Depot  
  28  6:04  Siege Tank  
  28  6:07  Marine, Terran Infantry Armor Level 1  
  28  6:10  Marine  
  30  6:12  Marine  
  30  6:15  Barracks  
  31  6:25  Marine x3  
  34  6:26  Supply Depot  
  34  6:44  Command Center  
  24  7:31  Marine  
  24  7:32  Marine  
  24  7:33  Marine  
  24  7:34  Marine  
  28  7:40  Engineering Bay  
  28  7:42  Supply Depot  
  28  7:45  Marine  
  28  7:47  Marine  
  30  7:55  SCV  
  30  7:57  Refinery  
  31  8:07  SCV  
  32  8:17  Siege Tank  
  36  8:20  SCV  
  36  8:22  Marine  
  36  8:23  Marine  
  36  8:24  Marine  
  36  8:26  Marine  
  40  8:30  Marine  
  40  8:32  SCV, Marine  
  43  8:40  Marine  
  44  8:41  Marine  
  44  8:42  Marine  
  44  8:43  Marine  
  44  8:44  SCV  
  48  8:48  Marine  
  48  8:50  Marine  
  44  9:06  Marine  
  41  9:15  Marine  
  41  9:16  Marine  
  43  9:17  Marine  
  43  9:19  Marine  
  43  9:23  Marine  
  46  9:24  Marine  
  47  9:32  Marine, Armory  
  47  9:34  Marine  
  47  9:35  Marine  
  47  9:37  Marine  
  51  9:39  SCV  
  51  9:41  Marine  
  51  9:42  Marine  
  54  9:47  Supply Depot  
  54  9:50  Marine  
  54  9:51  SCV  
  54  9:52  Marine, Refinery  
  57  9:53  Marine  
  57  9:55  Marine  
  57  9:58  Marine  
  60  10:03  SCV  
  61  10:10  Marine  
  61  10:14  Marine  
  63  10:16  Marine x2  
  63  10:19  Marine  
  63  10:20  Marine  
  67  10:28  Marine  
  68  10:31  Marine  
  68  10:34  Supply Depot, Marine x2  
  71  10:36  Marine  
  71  10:38  Marine  
  71  10:41  SCV  
  74  10:45  Marine  
  74  10:49  Marine  
  76  10:52  Marine x2  
  76  10:55  SCV, Marine  
  76  10:56  Marine  
  81  10:58  Terran Infantry Weapons Level 2  
  81  11:00  Terran Infantry Armor Level 2  
  81  11:03  Marine  
  82  11:09  Marine  
  82  11:10  Marine  
  82  11:11  Marine  
  85  11:16  Marine  
  86  11:26  Supply Depot  
  86  11:47  Marine x6  
  86  11:48  Orbital Command  
  86  11:49  Supply Depot  
  92  12:05  Marine x2  
  94  12:10  Marine x4  
  98  12:17  Supply Depot  
  98  12:21  Starport  
  98  12:27  Marine  
  98  12:28  Marine x3  
  102  12:38  Marine x2  
  104  12:45  Marine  
  105  12:56  Marine  
  105  12:57  Supply Depot  
  106  13:07  Starport Tech Lab  
  106  13:09  Missile Turret  
  106  13:14  Marine  
  106  13:16  Terran Infantry Weapons Level 3  
  106  13:18  Terran Infantry Armor Level 3  
  107  13:35  Armory  
  107  13:38  Liberator  
  107  13:39  Marine  
  111  13:41  Marine  
  111  13:43  Marine  
  111  13:45  Marine  
  114  13:54  Supply Depot  
  114  13:57  Marine  
  114  13:59  Marine  
  114  14:01  Marine  
  117  14:15  Marine  
  118  14:17  Marine  
  118  14:19  Marine  
  120  14:27  Liberator  
  123  14:35  Marine  
  123  14:37  Marine  
Show
View Real Time Build Order
Export as new Build Order

kennygg Zerg 

Build Orders: Pool First 

Get SALT Encoding   

  12  0:01  Drone  
  13  0:09  Drone  
  14  0:22  Overlord  
  14  0:36  Spawning Pool  
  14  0:38  Drone  
  14  0:42  Drone  
  15  0:46  Drone  
  16  0:56  Drone, Extractor  
  16  1:01  Drone  
  17  1:13  Drone  
  18  1:33  Queen  
  18  1:36  Hatchery  
  18  1:39  Zergling x4  
  21  1:44  Drone  
  22  1:54  Overlord  
  22  2:14  Queen  
  24  2:18  Drone x2  
  26  2:40  Extractor  
  25  2:50  Queen  
  27  2:52  Hatchery  
  26  3:07  Drone x5  
  31  3:31  Zergling x2  
  32  3:40  Drone x3  
  32  3:41  Drone  
  36  3:43  Overlord x2  
  36  3:59  Lair  
  36  4:05  Evolution Chamber  
  36  4:06  Drone, Evolution Chamber  
  36  4:08  Drone  
  36  4:19  Drone x5  
  29  4:59  Drone x11  
  40  5:06  Hatchery  
  39  5:22  Zerg Melee Weapons Level 1, Zerg Ground Armor Level 1  
  39  5:27  Zergling x2  
  39  5:28  Zergling x10  
  45  5:50  Metabolic Boost  
  44  6:15  Queen  
  46  6:23  Drone  
  46  6:24  Baneling Nest  
  46  6:26  Drone x3  
  49  6:41  Hatchery  
  49  6:45  Queen  
  50  6:49  Overlord x2  
  38  7:26  Zergling x2  
  38  7:27  Zergling x10  
  44  8:14  Hatchery  
  44  8:16  Queen  
  44  8:17  Queen  
  47  8:52  Drone x2  
  47  8:53  Drone x3  
  52  8:56  Overlord x5  
  52  9:15  Extractor  
  51  9:27  Queen  
  51  9:28  Queen  
  55  9:37  Zerg Melee Weapons Level 2  
  55  9:38  Zerg Ground Armor Level 2  
  55  9:40  Centrifugal Hooks  
  55  9:45  Extractor  
  54  9:47  Infestation Pit  
  53  10:23  Hatchery, Drone x2  
  53  10:26  Zergling x2  
  53  10:27  Zergling x24  
  67  10:44  Hive  
  67  10:57  Baneling  
  67  10:58  Baneling x12  
  67  11:04  Drone  
  67  11:05  Drone x4  
  72  11:21  Drone x7  
  79  11:35  Overlord x2  
  79  11:44  Zergling x8  
  79  11:45  Zergling x6  
  86  12:01  Adrenal Glands  
  86  12:05  Zerg Melee Weapons Level 3  
  86  12:10  Zergling x2  
  86  12:11  Zergling x10  
  86  12:12  Zergling x4  
  94  12:25  Zergling x2  
  94  12:26  Zergling x8  
  98  12:42  Baneling x9  
  98  12:43  Zergling x2  
  99  12:44  Zergling x14  
  106  13:30  Overseer  
  106  13:31  Pneumatized Carapace  
  106  13:34  Burrow  
  106  13:35  Zergling x20  
  106  13:36  Zergling x8  
  106  13:38  Overlord x5  
  106  13:39  Overlord x3  
  84  14:11  Zergling x2  
  84  14:12  Zergling x44  
  103  14:30  Zergling x2  
  103  14:31  Zergling x6  
  92  14:45  Zergling x8  
  52  14:54  Zergling x2  
  52  14:55  Zergling x2  
  50  15:15  Zergling x6  
  50  15:16  Zergling x6  
  50  15:29  Zergling x4  
  50  15:30  Zergling x16  
Tags
 
Add a new tag
Caveats
  • Supply blocks, unpowered buildings, or Contaminate may cause inaccurate times.
  • Supply counts are checked every 10 seconds.